 Dungeon Crawl Stone Soup version 0.31-a0-236-g9a0961fb85 (webtiles) character file.

Game seed: 16749967360539021501

120 qw the Shooter (level 4, 0/37 HPs)
             Began as a Minotaur Hexslinger on July 9, 2023.
             Slain by Grinder (8 damage)
             ... while paralysed by Grinder
             ... on level 2 of the Dungeon.
             The game lasted 00:00:55 (2273 turns).

qw the Shooter (Minotaur Hexslinger)                Turns: 2273, Time: 00:00:55

Health: 0/37       AC:  8    Str: 12    XL:     4   Next: 75%
Magic:  4/4        EV:  2    Int: 10    God:
Gold:   160        SH:  0    Dex: 15    Spells: 4/5 levels left

rFire   . . .        Y - +2 sling
rCold   . . .        (no shield)
rNeg    . . .        a - +3 leather armour
rPois   .            (helmet restricted)
rElec   .            (no cloak)
rCorr   .            (no gloves)
SInv    .            b - +1 pair of boots
Will    .....        (no amulet)
Stlth   +            (no ring)
HPRegen 0.26/turn    (no ring)
MPRegen 0.09/turn

%: no passive effects
@: paralysed
A: horns 2, retaliatory headbutt
a: no special abilities


You were on level 2 of the Dungeon.
You visited 1 branch of the dungeon, and saw 3 of its levels.

You collected 160 gold pieces.


Innate Abilities, Weirdness & Mutations

You have a pair of horns on your head.
You reflexively headbutt those who attack you in melee.


   Skills:
 + Level 2.4 Fighting
 - Level 5.1 Ranged Weapons
 - Level 2.1 Dodging
 - Level 1.0 Spellcasting
 - Level 2.0 Hexes


You had 4 spell levels left.
You knew the following spells:

 Your Spells              Type           Power      Damage    Failure   Level
a - Slow                  Hex            16%        N/A       19%         1

Your spell library contained the following spells:

 Spells                   Type           Power      Damage    Failure   Level
 Inner Flame              Hex/Fire       2%         N/A       65%         3
 Portal Projectile        Hex/Tloc       4%         N/A       65%         3
 Cause Fear               Hex            2%         N/A       88%         4

Inventory:

Hand Weapons
 Y - a +2 sling (weapon)
Armour
 a - a +3 leather armour (worn)
 b - a +1 pair of boots (worn)
Scrolls
 e - a scroll of identify
Potions
 c - a potion of cancellation
 d - a potion of brilliance {unknown}
 f - a potion of mutation {unknown}
 h - a potion of heal wounds {unknown}
 j - a potion of degeneration {unknown}

Dungeon Overview and Level Annotations

Branches:
Dungeon (3/15)

Altars:
Trog

Annotations:
D:2 Grinder


Message History

Level annotation: Grinder
There is a stone staircase leading up here.
Grinder is nearby!
You shoot a sling bullet. The sling bullet barely misses Grinder.
Grinder hits you.
You writhe in agony.
2259 ||| STAIRDANCE Grinder hits you.
You writhe in agony.
You climb upwards.
There is a stone staircase leading down here.
You shoot a sling bullet. The sling bullet hits Grinder.
Grinder is moderately wounded.
Grinder hits you.
You shoot a sling bullet. The sling bullet hits Grinder.
Grinder is heavily wounded.
Grinder hits you.
You writhe in agony.
You shoot a sling bullet. The sling bullet hits Grinder.
Grinder is heavily wounded.
Grinder barely misses you.
You shoot a sling bullet. The sling bullet barely misses Grinder.
Grinder gestures at you.
You suddenly lose the ability to move!
Grinder blinks!
Grinder hits you.
You writhe in agony.
Grinder hits you but does no damage.
You can move again.
You shoot a sling bullet.
The sling bullet closely misses Grinder.
Grinder closely misses you.
You shoot a sling bullet.
The sling bullet hits Grinder but does no damage.
Grinder is heavily wounded.
Grinder hits you but does no damage.
You shoot a sling bullet. The sling bullet hits Grinder.
Grinder is severely wounded.
Grinder hits you but does no damage.
You shoot a sling bullet.
The sling bullet closely misses Grinder.
Grinder gestures at you.
You suddenly lose the ability to move!
Grinder hits you!
You die...

############
##...........
###.[#..###...#
#.............#
#....#.#......#
##..........%..#
###.....#.#......#
##...###.....##...#
#.@5..........+...#
#.....##......#....
#...(.........#...#
#....)##......#####
#......#......#
#......#......#
#......#......#
##.....#......#
########.#####


You could see Grinder.

Vanquished Creatures
  Jessica (D:3)
  3 adders
  A worm (D:2)
  4 orcs
  5 endoplasms
  2 giant cockroaches (D:3)
  4 goblins
  7 hobgoblins
  6 jackals (D:1)
  7 kobolds
  3 ball pythons
  9 bats
  2 frilled lizards
  3 rats
57 creatures vanquished.

Vanquished Creatures (others)
  A wizard (D:3)
1 creature vanquished.

Grand Total: 58 creatures vanquished

Notes
Turn   | Place    | Note
-------+----------+-------------------------------------------
     0 | D:1      | qw the Minotaur Hexslinger began the quest for the Orb.
     0 | D:1      | Reached XP level 1. HP: 16/16 MP: 1/1
     0 | D:1      | 0 ||| qw: Version: 0.3-a-51-g015441d
     0 | D:1      | 0 ||| qw: Game counter: 4455
     0 | D:1      | 0 ||| qw: Melee chars always use a shield: true
     0 | D:1      | 0 ||| qw: God list: Okawaru
     0 | D:1      | 0 ||| qw: Allow faded altars: false
     0 | D:1      | 0 ||| qw: Do Orc after clearing Dungeon:15 true
     0 | D:1      | 0 ||| qw: Do second Lair branch before Depths: true
     0 | D:1      | 0 ||| qw: Lair rune preference: random
     0 | D:1      | 0 ||| qw: Goals: Normal
     0 | D:1      | 0 ||| PLANNING D:1-11
   205 | D:1      | Reached skill level 3 in Ranged Weapons
   207 | D:1      | Reached XP level 2. HP: 23/23 MP: 2/2
   324 | D:1      | Found a faded altar of an unknown god.
   894 | D:1      | Reached XP level 3. HP: 29/29 MP: 3/3
  1159 | D:1      | 1159 ||| UPGRADING to +0 leather armour.
  1169 | D:1      | 1169 ||| DROPPING +0 robe.
  1170 | D:1      | 1170 ||| UPGRADING to +0 ring mail.
  1180 | D:1      | 1180 ||| DROPPING +0 leather armour.
  1181 | D:1      | 1181 ||| READING scroll labelled OBRAUTHEEPI.
  1182 | D:1      | 1182 ||| READING scroll labelled NIBOM SE ZIANN.
  1183 | D:1      | 1183 ||| READING scroll labelled POGEES KATY.
  1184 | D:1      | 1184 ||| DROPPING scroll of poison.
  1237 | D:2      | 1237 ||| STAIRDANCE
  1305 | D:1      | 1305 ||| UPGRADING to +3 leather armour.
  1315 | D:1      | 1315 ||| DROPPING +0 ring mail.
  1319 | D:2      | 1319 ||| STAIRDANCE
  1371 | D:2      | Reached skill level 4 in Ranged Weapons
  1461 | D:2      | Reached XP level 4. HP: 34/36 MP: 4/4
  1732 | D:2      | 1732 ||| UPGRADING to +1 pair of boots.
  1737 | D:2      | 1737 ||| READING scroll labelled TOR APPUHU.
  1738 | D:2      | 1738 ||| READING scroll labelled CAT OM YM RULIF.
  1803 | D:2      | 1803 ||| READING scroll labelled FOAM POIDOA.
  1807 | D:2      | 1807 ||| READING 2 scrolls of identify.
  1807 | D:2      | 1807 ||| IDENTIFYING amethyst potion
  1829 | D:3      | Found a bloodstained altar of Trog.
  1831 | D:3      | Noticed a wizard
  1837 | D:3      | Killed a wizard
  2068 | D:3      | Noticed Jessica
  2074 | D:3      | Noticed Grinder
  2077 | D:3      | Killed Jessica
  2078 | D:3      | Reached skill level 5 in Ranged Weapons
  2094 | D:3      | 2094 ||| FLEEEEING.
  2095 | D:3      | 2095 ||| FLEEEEING.
  2096 | D:3      | 2096 ||| FLEEEEING.
  2097 | D:3      | 2097 ||| FLEEEEING.
  2098 | D:3      | 2098 ||| FLEEEEING.
  2099 | D:3      | 2099 ||| FLEEEEING.
  2101 | D:3      | 2101 ||| FLEEEEING.
  2102 | D:3      | 2102 ||| STAIRDANCE
  2203 | D:3      | 2203 ||| STAIRDANCE
  2232 | D:3      | 2232 ||| STAIRDANCE
  2259 | D:3      | 2259 ||| STAIRDANCE
  2264 | D:2      | Paralysed by Grinder for 5 turns
  2267 | D:2      | HP: 6/37 [Grinder (6)]
  2272 | D:2      | Paralysed by Grinder for 5 turns
  2273 | D:2      | Slain by Grinder

Levels and vault maps discovered:
D:1:      dpeg_arrival_ternary, layout_basic, ebering_ecumenical_altar_webs
D:2:      layout_basic, glass_columns_a
D:3:      layout_rooms, trog_wizard, uniq_grinder, uniq_jessica

Skill      XL: |  1  2  3  4 |
---------------+-------------+-----
Ranged Weapons | 3 4 5 |  5.1
Fighting       | 2 |  2.4
Dodging        | |  2.1
Spellcasting   | |  1.0
Hexes          | |  2.0

Action                     |  1- 3 |  4- 6 || total
---------------------------+-------+-------++-------
   Fire: Sling             |   134 |    71 ||   205
    Use: Scroll            |     3 |     4 ||     7
 Armour: Robe              |     7 |       ||     7
         Leather armour    |     5 |    10 ||    15
         Ring mail         |     1 |       ||     1
  Dodge: Dodged            |    51 |     9 ||    60

Table legend:
 A = Non-vault XP
 B = Vault XP
 C = Vault XP percentage of total XP
 D = Non-vault monster count
 E = Vault monster count
 F = Vault count percentage of total count
                 A         B        C        D         E       F
            +---------+---------+-------+---------+---------+-------
      Total |     135 |      37 |  21.5 |      56 |       1 |   1.8
            +---------+---------+-------+---------+---------+-------
        D:1 |      59 |       0 |   0.0 |      33 |       0 |   0.0
        D:2 |      43 |       0 |   0.0 |      10 |       0 |   0.0
        D:3 |      33 |      37 |  52.9 |      13 |       1 |   7.1
            +---------+---------+-------+---------+---------+-------
